 Dungeon Crawl Stone Soup version 0.20.1-1-g8b1a95d (webtiles) character file.

66 Peloso the Skirmisher (level 3, -10/29 HPs)
             Began as a Demonspawn Fighter on Oct 21, 2017.
             Killed from afar by a hellion (27 damage)
             ... with damnation
             ... on level 1 of the Abyss.
             The game lasted 00:03:23 (1150 turns).

Peloso the Skirmisher (Demonspawn Fighter)          Turns: 1150, Time: 00:03:24

Health: -10/29     AC:  6    Str: 17    XL:     3   Next: 96%
Magic:  3/3        EV:  7    Int:  9    God:
Gold:   50         SH:  9    Dex: 12    Spells: 2/2 levels left

rFire    . . .     SeeInvis .   a - +0 long sword
rCold    . . .     Gourm    .   c - +0 shield
rNeg     . . .     Faith    .   b - +0 scale mail
rPois    .         Spirit   .   (helmet restricted)
rElec    .         Reflect  .   (no cloak)
rCorr    .         Harm     .   (no gloves)
MR       .....                  (no boots)
Stlth    ..........             (no amulet)
Regen    0.1/turn               (no ring)
MPRegen  0.1/turn               (no ring)

@: no status effects
A: antennae 1, demonic guardian 1
a: no special abilities


You were on level 1 of the Abyss.
You were very hungry.

You visited 1 branch of the dungeon, and saw 2 of its levels.
You visited the Abyss 1 time.

You collected 50 gold pieces.

Inventory:

Hand Weapons
 a - a +0 long sword (weapon)
Armour
 b - a +0 scale mail (worn)
 c - a +0 shield (worn)
Scrolls
 g - 2 scrolls of enchant weapon {unknown}
 h - a scroll of fog {unknown}
 l - 4 scrolls of remove curse {unknown}
 m - a scroll of teleportation {unknown}
 p - a scroll of identify {unknown}
Potions
 d - a potion of might
 e - a potion of degeneration {unknown}
 j - 2 potions of ambrosia {unknown}
 k - a potion of curing {unknown}
 o - a potion of mutation {unknown}
Comestibles
 f - 4 bread rations
 i - a royal jelly
 n - a meat ration


   Skills:
 + Level 3.3 Fighting
 + Level 2.6 Long Blades
 + Level 3.0 Armour
 + Level 0.5 Dodging
 + Level 3.2 Shields


You had 2 spell levels left.
You didn't know any spells.

Dungeon Overview and Level Annotations

Branches:
Dungeon (2/15)

Altars:

Annotations:
D:2 Sigmund


Innate Abilities, Weirdness & Mutations

You have a pair of small antennae on your head.
A weak demonic guardian rushes to your aid.


Message History

The worm is heavily wounded.
You block the goblin's attack. The worm closely misses you.
Your iron imp hits the worm.
You block something's attack. The goblin hits you but does no damage.
Your iron imp hits the worm.
The worm dies!
You block something's attack. You block the goblin's attack.
Something hits you.
You are cast into the Abyss!
To return, you must find a gate leading back.
Killing monsters will force the Abyss to allow you passage.
This branch contains the abyssal rune of Zot.
A hellion appears in a shower of translocational energy.
A hellion is nearby!
Found 29 gold pieces.
There are monsters nearby!
The hellion gestures at you.
The sphere of damnation explodes!
The damnation engulfs you!
Ouch! That really hurt!
You die...

.# #. . ..... .#
#.##.#. .... #
............ ...#..
............# #.$....
...#.......# ..#..
......#.....##...#
......##.....##..#
....§X..##.#@....# .
#.§..2...#......#
....##...######.#.###
#......# ...#
#.###..# ..# #. #....
.## # #...#.# # #.. .
. #..# # ..


You could see a hellion.

Vanquished Creatures
  2 adders (D:2)
  A worm (D:2)
  3 dart slugs (D:1)
  3 leopard geckos
  A giant cockroach (D:1)
  8 goblins
  3 hobgoblins (D:1)
  5 bats
  2 frilled lizards (D:1)
  2 kobolds (D:1)
  4 rats
34 creatures vanquished.

Vanquished Creatures (collateral kills)
  A worm (D:2)
1 creature vanquished.

Grand Total: 35 creatures vanquished

Notes
Turn   | Place    | Note
-------+----------+-------------------------------------------
     0 | D:1      | Peloso the Demonspawn Fighter began the quest for the Orb.
     0 | D:1      | Reached XP level 1. HP: 18/18 MP: 1/1
   117 | D:1      | Gained mutation: A weak demonic guardian rushes to your aid. [demonic ancestry]
   117 | D:1      | Reached XP level 2. HP: 22/24 MP: 2/2
   537 | D:1      | Gained mutation: You have a pair of small antennae on your head. [demonic ancestry]
   537 | D:1      | Reached XP level 3. HP: 28/29 MP: 3/3
   881 | D:2      | Noticed Sigmund
  1143 | D:2      | Cast into level 1 of the Abyss (Sigmund)
  1145 | Abyss:1  | Noticed a hellion
  1150 | Abyss:1  | Noticed a thrashing horror
  1150 | Abyss:1  | Killed from afar by a hellion

Skill      XL: |  1  2  3 |
---------------+----------+-----
Long Blades    | 2 |  2.6
Shields        | 3 |  3.2
Armour         | 3 |  3.0
Fighting       | |  3.3
Dodging        | |  0.5

Action                   || total
-------------------------++-------
Melee: Long sword        ||   122
  Use: Potion            ||     1
Armor: Scale mail        ||    76
Dodge: Dodged            ||    46
Block: Shield            ||    75
       Rpst.: Long sword ||    14
